 Dungeon Crawl Stone Soup version 0.30-a0-845-g7c6808c8ce (webtiles) character file.

Game seed: 5050097185097922965

417 jimonade the Magician (level 7, -4/49 HPs)
             Began as a Djinni Warper on Mar 2, 2023.
             Slain by an ice beast (21 damage)
             ... on level 5 of the Dungeon on Mar 3, 2023.
             The game lasted 00:11:32 (4730 turns).

jimonade the Magician (Djinni Warper)               Turns: 4730, Time: 00:11:32

Health: -4/49      AC:  5    Str: 12    XL:     7   Next: 15%
Gold:   130        EV: 12    Int: 15    God:
                   SH:  0    Dex: 18

rFire   + + .      SeeInvis .    a - +0 rapier
rCold   x . .      Faith    .    (no shield)
rNeg    . . .      Spirit   .    b - +0 leather armour
rPois   ∞          Reflect  .    (no helmet)
rElec   .          Rampage  .    (no cloak)
rCorr   .                        A - +1 pair of gloves
Will    .....                    (boots unavailable)
Stlth   ++                       (no amulet)
HPRegen 0.28/turn                i - +6 ring of dexterity
MPRegen 0.00/turn                (no ring)

@: flying
A: sickness immunity, fire resistance 2, cold vulnerability 1, float, innate
caster, HP casting, extra vitality 1
a: no special abilities


You were on level 5 of the Dungeon.
You visited 1 branch of the dungeon, and saw 5 of its levels.

You collected 130 gold pieces.

Inventory:

Hand Weapons
 a - a +0 rapier (weapon)
 l - a +0 dagger
 t - a +0 quarterstaff
 v - a +0 whip
 D - a +0 short sword
 E - a +0 spear
Missiles
 d - 7 boomerangs of dispersal
 j - 71 stones
 k - 5 atropa-tipped darts
 m - 3 boomerangs
 q - 6 poisoned darts
 y - a throwing net
 H - 6 javelins
Armour
 b - a +0 leather armour (worn)
 A - a +1 pair of gloves (worn)
 I - a +0 chain mail
 J - a +0 scale mail
 K - a +0 buckler
Jewellery
 i - a +6 ring of dexterity (left hand)
Wands
 B - a wand of charming (11)
 C - a wand of iceblast (5)
Scrolls
 c - a scroll of blinking
 e - 2 scrolls of summoning
 f - 2 scrolls of enchant armour
 g - 3 scrolls of identify
 p - 4 scrolls of teleportation {unknown}
 r - a scroll of poison
 u - 3 scrolls of immolation
 w - a scroll of fear {unknown}
 z - a scroll of acquirement {unknown}
 F - a scroll of noise {unknown}
 G - a scroll of amnesia {unknown}
Potions
 h - 4 potions of heal wounds
 n - a potion of cancellation
 o - a potion of berserk rage
 s - 2 potions of resistance
 x - 3 potions of brilliance


   Skills:
 + Level 2.4 Fighting
 + Level 3.1 Short Blades
 + Level 0.7 Throwing
 + Level 2.2 Armour
 + Level 2.5 Dodging
 + Level 0.4 Stealth
 * Level 4.8 Spellcasting


You knew the following spells:

 Your Spells              Type           Power      Damage    Failure   Level
a - Blink                 Tloc           36%        N/A       4%          2
b - Lesser Beckoning      Tloc           36%        N/A       4%          2
c - Vhi's Electric Charg  Tloc/Air       36%        N/A       9%          3
d - Teleport Other        Tloc           18%        N/A       9%          3
e - Manifold Assault      Tloc           18%        N/A       28%         4
f - Sting                 Tmut/Pois      72%        1d6       3%          1
g - Poisonous Vapours     Pois/Air       36%        N/A       4%          2
h - Gell's Gravitas       Tloc           18%        N/A       9%          3
Your spell library was empty.

Dungeon Overview and Level Annotations

Branches:
Dungeon (5/15)
 Temple: D:4-7

Altars:


Innate Abilities, Weirdness & Mutations

You are immune to sickness and miasma.
You are immune to poison.
Your flesh is very heat resistant. (rF++)
You are vulnerable to cold. (rC-)
You float through the air rather than walking.
You learn spells naturally, not from books.
Your magical power is your life essence.
You have superior vitality. (+4 MHP)


Message History

Okay, then.
Unknown command.
Casting: Gell's Gravitas (dangerous; 9% risk of failure)
Confirm with . or Enter, or press ? or * to list all spells.
Okay, then.
Unknown command.
Casting: Gell's Gravitas (dangerous; 9% risk of failure)
Confirm with . or Enter, or press ? or * to list all spells.
Aiming: Gell's Gravitas (dangerous; 9% risk of failure)
Press: ? - help, Dir - move target, f - ice beast
Aim: an ice beast (lightly wounded) Gravity reorients around the ice beast.
You hit the ice beast but do no damage.
The ice beast is lightly wounded.
The ice beast hits you but does no damage.
You closely miss the ice beast.
The ice beast is lightly wounded.
The ice beast hits you but does no damage.
You hit the ice beast but do no damage.
The ice beast is lightly wounded.
The ice beast misses you.
You hit the ice beast.
The ice beast is lightly wounded.
The ice beast hits you but does no damage.
You puncture the ice beast!
The ice beast is heavily wounded.
The ice beast closely misses you.
You closely miss the ice beast.
The ice beast is heavily wounded.
The ice beast misses you.
You hit the ice beast.
The ice beast is heavily wounded.
The ice beast closely misses you.
You barely miss the ice beast.
The ice beast is heavily wounded.
The ice beast hits you. The ice beast freezes you!!
You feel a terrible chill!
You closely miss the ice beast.
The ice beast is heavily wounded.
The ice beast hits you. The ice beast freezes you!!
You feel a terrible chill!
You die...

##.....W..# #.# .
..........#####.######....
##....#.............S.....
..........#####..##.##.###
..........# #..# .#
#####..##.#####†.# .#
...##..##.)......# .#
##.##..#########Y# .#
#.##..# #@# .#
#.....#########.# ..
#.##............#
#.############### #.# #.#
... ###


You could see an ice beast.

Vanquished Creatures
  A centaur (D:5)
  2 scorpions (D:4)
  An orc priest (D:5)
  2 gnolls (D:4)
  7 adders
  A white imp (D:5)
  An ufetubus (D:4)
  2 worms (D:2)
  3 dart slugs
  10 orcs
  6 ball pythons
  13 endoplasms
  A giant cockroach (D:1)
  6 goblins
  5 hobgoblins
  3 jackals (D:1)
  5 kobolds
  4 quokkas
  3 bats
  3 frilled lizards
  A rat (D:3)
80 creatures vanquished.

Notes
Turn   | Place    | Note
-------+----------+-------------------------------------------
     0 | D:1      | jimonade the Djinni Warper began the quest for the Orb.
     0 | D:1      | jimonade set off with the following spells memorised:
                  | Blink, Lesser Beckoning, Vhi's Electric Charge, Teleport
                  | Other, Manifold Assault.
     0 | D:1      | Reached XP level 1. HP: 18/18 MP: 0/0
    80 | D:1      | Reached XP level 2. HP: 11/23 MP: 0/0
   609 | D:1      | Reached XP level 3. HP: 28/28 MP: 0/0
   609 | D:1      | Learned a level 1 spell: Sting
  1282 | D:2      | Reached skill level 3 in Spellcasting
  1282 | D:2      | Reached XP level 4. HP: 32/33 MP: 0/0
  2166 | D:3      | Reached XP level 5. HP: 35/38 MP: 0/0
  2166 | D:3      | Learned a level 2 spell: Poisonous Vapours
  3399 | D:4      | Reached skill level 4 in Spellcasting
  3399 | D:4      | Reached XP level 6. HP: 37/43 MP: 0/0
  4075 | D:5      | Entered Level 5 of the Dungeon
  4648 | D:5      | Reached XP level 7. HP: 44/49 MP: 0/0
  4648 | D:5      | Learned a level 3 spell: Gell's Gravitas
  4730 | D:5      | Slain by an ice beast

Illustrated notes

Levels and vault maps discovered:
D:1:      heliophobic_arrival_ceremonial_halls, layout_basic
D:2:      kennysheep_big_flooded_room, layout_loops_ring
D:3:      layout_loops_ring
D:4:      layout_basic
D:5:      layout_loops_ring, old_standard_altar, kennysheep_okawaru_gauntlet

Skill      XL: |  1  2  3  4  5  6 |
---------------+-------------------+-----
Short Blades   | 2 3 |  3.1
Spellcasting   | 3 4 |  4.8
Armour         | 2 |  2.2
Fighting       | |  2.4
Throwing       | |  0.7
Dodging        | |  2.5
Stealth        | |  0.4

Action                     |  1- 3 |  4- 6 |  7- 9 || total
---------------------------+-------+-------+-------++-------
  Melee: Short sword       |   112 |    11 |       ||   123
         Rapier            |       |    60 |     9 ||    69
   Cast: Sting             |    12 |    70 |       ||    82
         Poisonous Vapours |       |    25 |     2 ||    27
         Vhi's Electric Ch |       |     1 |       ||     1
         Gell's Gravitas   |       |       |     3 ||     3
    Use: Scroll            |       |     9 |       ||     9
 Armour: Leather armour    |    37 |    26 |     3 ||    66
  Dodge: Dodged            |    59 |    47 |     4 ||   110

Table legend: (Time is in decaauts)
 A = Elapsed time spent in this place.
 B = Non-inter-level travel time spent in this place.
 C = Inter-level travel time spent in this place.
 D = Time resting spent in this place.
 E = Time spent auto-exploring this place.
 F = Levels seen in this place.
 G = Mean time per level.
                   A        B        C        D        E       F      G
               +--------+--------+--------+--------+--------+-----+--------+
         Total |   4724 |   4510 |    214 |    482 |   3012 |   5 |  944.8 |
       Dungeon |   4724 |   4510 |    214 |    482 |   3012 |   5 |  944.8 |
               +--------+--------+--------+--------+--------+-----+--------+

Top non-repeatable levels by time:
     D:4: 1623 daAuts
     D:2: 1059 daAuts
     D:1: 909 daAuts
     D:3: 872 daAuts
     D:5: 260 daAuts
